 Dungeon Crawl Stone Soup version 0.26.0-10-g1f06aea511 (webtiles) character file.

Game seed: 7016660309702247051

2271 jackrogers the Spear-Bearer (level 9, 0/68 HPs)
             Began as a Merfolk Berserker on Jan 13, 2021.
             Was an Elder of Trog.
             Succumbed to a killer bee's poison
             ... on level 7 of the Dungeon.
             The game lasted 00:11:35 (7266 turns).

jackrogers the Spear-Bearer (Merfolk Berserker)     Turns: 7266, Time: 00:11:36

Health: 0/68       AC:  9    Str: 20    XL:     9   Next: 38%
Magic:  9/9        EV: 16    Int: 12    God:    Trog [****..]
Gold:   348        SH:  0    Dex: 14    Spells: 8/8 levels left

rFire    . . .     SeeInvis .   m - +0 trident
rCold    . . .     Faith    .   (no shield)
rNeg     . . .     Spirit   .   D - +3 ring mail
rPois    .         Reflect  .   (no helmet)
rElec    .         Harm     .   (no cloak)
rCorr    .         Rampage  .   i - +0 pair of gloves
Will     .....                  (no boots)
Stlth    ..........             (no amulet)
HPRegen  0.21/turn              r - ring of attention
MPRegen  0.11/turn              A - +6 ring of intelligence

@: lethally poisoned (0 -> -8), berserk cooldown, slowed, very slow
A: change form in water, swift swim, stealthy swim
a: Renounce Religion, Berserk, Trog's Hand, Brothers in Arms


You were on level 7 of the Dungeon.
You worshipped Trog.
Trog was greatly pleased with you.
You visited 1 branch of the dungeon, and saw 7 of its levels.

You collected 348 gold pieces.

Inventory:

Hand Weapons
 a - a +0 spear
 m - a +0 trident (weapon)
   (You took it off an orc on level 4 of the Dungeon)
 t - a +0 trident
   (You took it off an orc on level 7 of the Dungeon)
 v - a +0 trident
   (You took it off an orc on level 6 of the Dungeon)
 w - a +0 glaive
   (You took it off an orc warrior on level 5 of the Dungeon)
Armour
 b - a +0 animal skin
 h - a +1 robe of willpower
   (You found it on level 1 of the Dungeon)
 i - a +0 pair of gloves (worn)
   (You found it on level 2 of the Dungeon)
 k - a +0 chain mail
   (You took it off Terence on level 2 of the Dungeon)
 o - a +0 leather armour
   (You took it off an orc on level 4 of the Dungeon)
 y - a +0 cloak
   (You took it off Crazy Yiuf on level 5 of the Dungeon)
 B - a +0 buckler
   (You found it on level 6 of the Dungeon)
 C - a scarf of repulsion
   (You found it on level 6 of the Dungeon)
 D - a +3 ring mail (worn)
   (You found it on level 6 of the Dungeon)
Jewellery
 r - a ring of attention (left hand)
   (You found it on level 4 of the Dungeon)
 A - a +6 ring of intelligence (right hand)
   (You found it on level 7 of the Dungeon)
Wands
 x - a wand of random effects (22)
   (You took it off Duvessa on level 5 of the Dungeon)
 z - a wand of flame (20)
   (You took it off Edmund on level 6 of the Dungeon)
Scrolls
 e - 3 scrolls of teleportation
 u - 2 scrolls of remove curse
 E - a scroll of identify
Potions
 c - 3 potions of ambrosia
 d - 2 potions of haste
 f - a potion of attraction {unknown}
 g - a potion of degeneration {unknown}
 j - 4 potions of lignification {!q}
 l - 2 potions of brilliance
 n - 2 potions of mutation {!q}
 p - 2 potions of curing
 q - a potion of heal wounds
 s - 3 potions of flight
 F - a potion of magic {unknown}


   Skills:
 + Level 5.1 Fighting
 - Level 14.0 Polearms
 - Level 1.3 Armour
 - Level 8.6 Dodging


You had 8 spell levels left.
You didn't know any spells.
Your spell library was empty.

Dungeon Overview and Level Annotations

Branches:
Dungeon (7/15)             Temple (0/1) D:5

Altars:
Gozag
Kikubaaqudgha
Makhleb
Qazlal
Ru
Sif Muna
Trog
Vehumet
Wu Jian
Yredelemnul
The Shining One

Annotations:
D:3 2 transporters, SkeletonJelly's ghost, amateur TrMo


Message History

You are more poisoned.
The killer bee poisons you!
Danger x5: killer bee x5!
You are too injured to fight recklessly!
You are too injured to fight recklessly!
You are too injured to fight recklessly!
You are too injured to fight recklessly!
You puncture the killer bee!
You feel sick. The killer bee barely misses you.
The killer bee stings you but does no damage.
The killer bee barely misses you.
Danger x5: killer bee x5!
You barely miss the killer bee.
You feel sick. The killer bee stings you.
You closely miss the killer bee. The killer bee closely misses you. x2
The killer bee stings you but does no damage.
You hit the killer bee.
You feel sick. The killer bee stings you. The killer bee barely misses you.
You miss the killer bee.
You feel sick. The killer bee completely misses you. The killer bee misses you.
The killer bee stings you but does no damage.
Danger x5: killer bee x5!
You closely miss the killer bee. The killer bee barely misses you.
You puncture the killer bee!
You kill the killer bee!
Trog accepts your kill.
You feel sick. The killer bee completely misses you.
The killer bee closely misses you.
Danger x4: killer bee x4!
You puncture the killer bee!
You feel sick. The killer bee closely misses you.
The killer bee stings you but does no damage.
The killer bee misses you.
You hit the killer bee.
You feel sick. The killer bee barely misses you.
The killer bee stings you but does no damage.
The killer bee closely misses you.
Danger x4: killer bee x4!
You closely miss the killer bee. The killer bee closely misses you.
The killer bee misses you. x2
You closely miss the killer bee.
You feel sick. The killer bee barely misses you.
The killer bee stings you but does no damage.
The killer bee stings you!
Danger x4: killer bee x4!
You puncture the killer bee!
You feel the power of Trog in you as your rage grows.
You kill the killer bee!
Trog accepts your kill.
You feel sick. The killer bee stings you!
The killer bee stings you but does no damage.
Warning x3: The killer bee is very fast and can poison! x3
You completely miss the killer bee. The killer bee misses you.
You are too berserk!
You closely miss the killer bee.
You feel sick. The killer bee misses you. x2
You miss the killer bee.
The killer bee stings you but does no damage.
The killer bee stings you.
* * * LOW HITPOINT WARNING * * *
The killer bee closely misses you.
Warning x3: The killer bee is very fast and can poison! x3
You hit the killer bee.
You feel sick. The killer bee misses you.
You puncture the killer bee! The killer bee completely misses you.
The killer bee barely misses you.
You miss the killer bee.
You feel sick.
The killer bee stings you but does no damage.
The killer bee barely misses you. The killer bee closely misses you.
Warning x3: The killer bee is very fast and can poison! x3
You barely miss the killer bee. The killer bee misses you. x3
You closely miss the killer bee.
You feel sick. The killer bee barely misses you.
You closely miss the killer bee.
The killer bee stings you but does no damage. x2
You miss the killer bee.
You feel sick. The killer bee closely misses you. The killer bee stings you!
* * * LOW HITPOINT WARNING * * *
The killer bee stings you.
* * * LOW HITPOINT WARNING * * *
Warning x3: The killer bee is very fast and can poison! x3
You completely miss the killer bee. The killer bee misses you.
The killer bee barely misses you. The killer bee completely misses you.
You puncture the killer bee!
You feel sick.
The killer bee stings you but does no damage.
The killer bee barely misses you. The killer bee stings you!
* * * LOW HITPOINT WARNING * * *
Warning x3: The killer bee is very fast and can poison! x3
You puncture the killer bee!
You kill the killer bee!
Trog accepts your kill. The killer bee completely misses you.
Your Fighting skill increases to level 5!
Warning x2: The killer bee is very fast and can poison! x2
* * * LOW HITPOINT WARNING * * *
You feel sick.
The killer bee stings you but does no damage.
The killer bee closely misses you.
You see here a killer bee corpse.
You miss the killer bee. The killer bee closely misses you. x2
Warning x2: The killer bee is very fast and can poison! x2
You puncture the killer bee!
You are no longer berserk.
You are exhausted.
You feel yourself slow down.
You die...

...>..######.....#....#
######.....#.....#....#
#.....#.....+....#
#.....'.....#....#
#.....#.....#....#
#.....#####+#....#
#######....†#....#
#....yy'....#
#.....@#....#
########....# ######


You could see 2 killer bees.

Vanquished Creatures
  Edmund (D:6)
  Duvessa (D:5)
  2 orc warriors
  2 ice beasts
  A necrophage (D:5)
  A centaur (D:7)
  4 ogres
  Dowan (D:5)
  4 killer bees (D:7)
  2 vampire bats (D:4)
  3 howler monkeys (D:7)
  A centaur zombie (D:7)
  A jelly (D:6)
  2 hounds
  2 orc priests
  Crazy Yiuf (D:5)
  3 orc wizards
  A bullfrog skeleton (D:4)
  Terence (D:2)
  3 worker ants
  4 iguanas
  A mummy (D:4)
  A worker ant zombie (D:5)
  5 adders
  A shadow imp (D:4)
  2 ufetubi
  2 oozes
  2 worms (D:2)
  3 dart slugs
  A leopard gecko (D:2)
  23 orcs
  2 bat skeletons (D:4)
  4 bat zombies (D:4)
  6 giant cockroaches
  8 goblins
  11 hobgoblins
  4 jackals (D:3)
  3 quokkas
  8 bats
  4 frilled lizards
  A hobgoblin zombie (D:4)
  A jackal skeleton (D:3)
  9 kobolds
  2 kobold zombies (D:4)
  An orc zombie (D:4)
  A quokka skeleton (D:5)
  9 rats
  A spectral orc (D:3)
  A bush (D:1)
158 creatures vanquished.

Vanquished Creatures (others)
  An adder (D:4)
1 creature vanquished.

Grand Total: 159 creatures vanquished

Notes
Turn   | Place    | Note
-------+----------+-------------------------------------------
     0 | D:1      | jackrogers the Merfolk Berserker began the quest for the
                  | Orb.
     0 | D:1      | Reached XP level 1. HP: 18/18 MP: 1/1
   143 | D:1      | Reached skill level 5 in Polearms
   143 | D:1      | Reached skill level 3 in Dodging
   143 | D:1      | Reached XP level 2. HP: 24/24 MP: 2/2
   376 | D:1      | Reached XP level 3. HP: 28/29 MP: 3/3
   522 | D:1      | Reached ** piety under Trog
  1121 | D:1      | Reached skill level 6 in Polearms
  1848 | D:2      | Reached XP level 4. HP: 34/35 MP: 4/4
  2133 | D:2      | Noticed Terence
  2139 | D:2      | Killed Terence
  2140 | D:2      | Reached skill level 4 in Dodging
  2326 | D:2      | Reached skill level 7 in Polearms
  2326 | D:2      | Reached XP level 5. HP: 38/41 MP: 5/5
  2634 | D:3      | Found a sacrificial altar of Ru.
  2635 | D:3      | Found a burning altar of Makhleb.
  2860 | D:3      | Reached *** piety under Trog
  2893 | D:3      | Found a transporter.
  2894 | D:3      | Found a transporter.
  2894 | D:3      | Noticed SkeletonJelly's ghost (amateur TrMo)
  2974 | D:3      | Found a basalt altar of Yredelemnul.
  3090 | D:3      | You fall into a shaft and drop 2 floors!
  3090 | D:5      | Entered Level 5 of the Dungeon
  3090 | D:5      | Found a staircase to the Ecumenical Temple.
  3133 | D:4      | Reached skill level 8 in Polearms
  3140 | D:4      | Reached skill level 5 in Dodging
  3145 | D:4      | Reached XP level 6. HP: 47/47 MP: 6/6
  3435 | D:4      | Found a radiant altar of Vehumet.
  3709 | D:4      | Reached skill level 9 in Polearms
  3806 | D:4      | Found an ancient bone altar of Kikubaaqudgha.
  3820 | D:4      | Reached XP level 7. HP: 52/52 MP: 7/7
  3922 | D:4      | Reached skill level 6 in Dodging
  4296 | D:5      | Reached skill level 10 in Polearms
  4444 | D:5      | Found a bloodstained altar of Trog.
  4458 | D:5      | HP: 11/78 [orc warrior/+0 glaive (14)]
  4471 | D:5      | Reached skill level 7 in Dodging
  4471 | D:5      | Reached XP level 8. HP: 11/58 MP: 8/8
  4735 | D:5      | Found a shimmering blue altar of Sif Muna.
  4823 | D:5      | Reached skill level 11 in Polearms
  4829 | D:5      | Noticed Duvessa
  4841 | D:5      | Killed Duvessa
  4842 | D:5      | Noticed Dowan
  4846 | D:5      | Killed Dowan
  4846 | D:5      | Reached **** piety under Trog
  4938 | D:5      | Found a runed translucent door.
  4939 | D:5      | Noticed Crazy Yiuf
  4983 | D:5      | Killed Crazy Yiuf
  5253 | D:6      | Noticed Edmund
  5268 | D:6      | Killed Edmund
  5269 | D:6      | Reached skill level 12 in Polearms
  5269 | D:6      | Reached skill level 8 in Dodging
  5370 | D:6      | Found a stormy altar of Qazlal.
  5384 | D:6      | HP: 13/58 [ogre/+0 giant club (19)]
  5694 | D:6      | Found a glowing golden altar of the Shining One.
  5765 | D:6      | Found an opulent altar of Gozag.
  6621 | D:7      | Found an ornate altar of the Wu Jian Council.
  6639 | D:7      | Reached skill level 13 in Polearms
  6649 | D:7      | Reached XP level 9. HP: 62/64 MP: 9/9
  6880 | D:7      | Reached skill level 14 in Polearms
  7001 | D:7      | Reached skill level 4 in Fighting
  7253 | D:7      | HP: 24/100 [killer bee (6)]
  7258 | D:7      | HP: 21/100 [poisoned by a killer bee]
  7260 | D:7      | HP: 9/100 [killer bee (4)]
  7262 | D:7      | HP: 2/100 [killer bee (7)]
  7264 | D:7      | Reached skill level 5 in Fighting
  7266 | D:7      | Succumbed to a killer bee's poison

Illustrated notes

Levels and vault maps discovered:
D:1:      roderic_chinese_lattice_arrival, layout_loops_ring, serial_forest,
          infiniplex_forest_clump_small, infiniplex_forest_clump_medium,
          infiniplex_forest_end_3, infiniplex_forest_straight_3,
          infiniplex_forest_straight_1, infiniplex_forest_zigzag_2
D:2:      layout_basic, kennysheep_path_1, uniq_terence
D:3:      layout_rooms, yredelemnul_forgotten_temple_becter,
          gammafunk_temple_overflow_statue, gammafunk_ghost_mausoleum,
          minmay_misc_feat_rugged, minmay_strange_pillars
D:4:      layout_basic, kennysheep_vampire_church, fiery_altar_vehumet,
          chequers_serial_rivers_micro_d, minmay_mini_ossuary
D:5:      layout_cave_pools, nzn_overflow_gifts_of_might_and_magic,
          minmay_temple_entry_statues_fountains, uniq_crazy_yiuf_cottage,
          uniq_duvessa
D:6:      layout_cave_pods, nicolae_qazlal_general_emergency,
          lemuel_crystal_altar, nicolae_gozag_seed_capital, nrook_uturn,
          uniq_edmund
D:7:      layout_gridville, pdpol_wu_jian_five_deadly_venoms

Skill      XL: |  1  2  3  4  5  6  7  8  9 |
---------------+----------------------------+-----
Polearms       | 5 6 7 8 9 10 13 14 | 14.0
Dodging        | 3 4 5 7 8 |  8.6
Fighting       | 5 |  5.1
Armour         | |  1.3

Action                   |  1- 3 |  4- 6 |  7- 9 || total
-------------------------+-------+-------+-------++-------
Melee: Spear             |   318 |   197 |       ||   515
       Trident           |       |    67 |   318 ||   385
Invok: Berserk           |       |     2 |     9 ||    11
  Use: Scroll            |     3 |     4 |    10 ||    17
 Stab: Sleeping          |     8 |       |       ||     8
Armor: Animal skin       |     6 |       |       ||     6
       Robe              |     7 |       |       ||     7
       Chain mail        |       |    85 |    23 ||   108
       Ring mail         |       |       |    37 ||    37
Dodge: Dodged            |    51 |    78 |   166 ||   295

Table legend: (Time is in decaauts)
 A = Elapsed time spent in this place.
 B = Non-inter-level travel time spent in this place.
 C = Inter-level travel time spent in this place.
 D = Time resting spent in this place.
 E = Time spent auto-exploring this place.
 F = Levels seen in this place.
 G = Mean time per level.
                   A        B        C        D        E       F      G
               +--------+--------+--------+--------+--------+-----+--------+
         Total |   7108 |   6802 |    306 |   1546 |   4091 |   7 | 1015.4 |
       Dungeon |   7108 |   6802 |    306 |   1546 |   4091 |   7 | 1015.4 |
               +--------+--------+--------+--------+--------+-----+--------+

Top non-repeatable levels by time:
     D:1: 1477 daAuts
     D:6: 1458 daAuts
     D:2: 1045 daAuts
     D:5: 979 daAuts
     D:4: 823 daAuts
     D:7: 726 daAuts
     D:3: 597 daAuts

Table legend:
 A = Kills in this place as a percentage of kills in entire the game.
 B = Kills by you in this place as a percentage of kills by you in the entire game.
 C = Kills by friends in this place as a percentage of kills by friends in the entire game.
 D = Other kills in this place as a percentage of other kills in the entire game.
 E = Experience gained in this place as a percentage of experience gained in the entire game.
 F = Experience gained in this place divided by the number of levels of this place that you have seen.
                   A       B       C       D       E      F
               +-------+-------+-------+-------+-------+----------------------
         Total | 100.0 | 100.0 |   N/A |   N/A | 100.0 | 463.6
       Dungeon | 100.0 | 100.0 |   N/A |   N/A | 100.0 | 463.6
               +-------+-------+-------+-------+-------+----------------------
